 Dungeon Crawl Stone Soup version 0.26-a0-835-g8259106e14 (webtiles) character file.

Game seed: 2573612910047928859

755 Kinoniko the Chopper (level 7, -2/50 HPs)
             Began as a Demonspawn Gladiator on Nov 17, 2020.
             Was an Elder of Uskayaw.
             Slain by a killer bee (3 damage)
             ... on level 5 of the Dungeon.
             The game lasted 00:04:04 (4129 turns).

Kinoniko the Chopper (Demonspawn Gladiator)         Turns: 4129, Time: 00:04:04

Health: -2/50      AC: 10    Str: 14 (16) XL:     7   Next: 49%
Magic:  0/10       EV:  9    Int:  7 (9)  God:    Uskayaw [****..]
Gold:   256        SH:  5    Dex: 12 (15) Spells: 6/6 levels left

rFire    . . .     SeeInvis .   a - +0 war axe
rCold    . . .     Faith    .   (no shield)
rNeg     . . .     Spirit   +   g - +0 chain mail
rPois    .         Reflect  +   c - +1 helmet
rElec    .         Harm     .   m - scarf {+Inv}
rCorr    .         Rampage  .   (no gloves)
MR       .....                  (no boots)
Stlth    ..........             v - amulet of reflection
HPRegen  0.16/turn              (no ring)
MPRegen  0.12/turn              (no ring)

@: lethally poisoned (-2 -> -27)
A: talons 1, powered by pain 1, magic shield, sturdy frame 2
a: Stomp, Line Pass, Renounce Religion, Evoke Invisibility


You were on level 5 of the Dungeon.
You worshipped Uskayaw.
Uskayaw was noncommittal.
You visited 2 branches of the dungeon, and saw 6 of its levels.

You collected 256 gold pieces.

Inventory:

Hand Weapons
 a - a +0 war axe (weapon)
Missiles
 d - 3 throwing nets (quivered)
Armour
 b - a +0 leather armour
 c - a +1 helmet (worn)
 g - a +0 chain mail (worn)
 m - a scarf of invisibility (worn)
Jewellery
 t - an uncursed amulet of regeneration {unknown}
 v - an amulet of reflection (around neck)
Wands
 s - a wand of polymorph (3)
Scrolls
 e - 6 scrolls of remove curse
 h - 2 scrolls of amnesia
 k - a scroll of immolation
 n - 2 scrolls of teleportation
 u - a scroll of blinking {unknown}
 w - a scroll of enchant weapon {unknown}
 x - a scroll of identify
Potions
 f - 2 potions of flight
 i - a potion of haste {unknown}
 j - a potion of ambrosia {unknown}
 l - a potion of curing {unknown}
 o - 2 potions of might
 q - 2 potions of attraction


   Skills:
 - Level 2.0 Fighting
 * Level 7.5 Axes
 - Level 1.7 Throwing
 - Level 2.6 Dodging
 + Level 4.1 Invocations


You had 6 spell levels left.
You didn't know any spells.
Your spell library was empty.

Dungeon Overview and Level Annotations

Branches:
Dungeon (5/15)             Temple (1/1) D:4

Altars:
Ashenzari
Cheibriados
Dithmenos
Fedhas
Gozag
Hepliaklqana
Kikubaaqudgha
Makhleb
Qazlal
Uskayaw
Vehumet
Wu Jian
Xom
Zin
The Shining One

Shops:
D:4 (

Annotations:
D:5 Grinder


Innate Abilities, Weirdness & Mutations

You have sharp toenails.
You sometimes gain a little power by taking damage.
When hurt, damage is shared between your health and your magic reserves.
Your movements are less encumbered by armour. (ER -4)


Message History

You block Grinder's attack.
Uskayaw will force your foes to share their pain.
Uskayaw links your audience in an emotional bond!
Your Invocations skill increases to level 4!
It was a potion of cancellation.
Your magical effects are unravelling.
You feel magically purged.
You feel a little less mighty now.
* * * LOW HITPOINT WARNING * * *
You feel sick.
The killer bee is no longer paralysed.
The killer bee barely misses you. The killer bee stings you.
* * * LOW HITPOINT WARNING * * *
You are more poisoned.
The killer bee poisons you! Grinder hits you but does no damage.
It was a potion of degeneration.
There was something very wrong with that liquid.
You feel weakened.
You feel dopey.
You feel clumsy.
* * * LOW HITPOINT WARNING * * *
You feel sick. The killer bee stings you.
You die...

#######.......................<#
########...............#.#
#.....#.....###.#.#
#.....#.##..# #.#.#
#.....#.....# #.#.#
#.....#..<..# #.#.#
#.....#.....# #.#.#
#.5.y.#.#...# #.#.#
#[.@†.#.#..## #.# #.....# ...
#####.# ... ... ....> ...# ...#


You could see Grinder (resistant, pain bonded) and a killer bee (pain bonded).

Vanquished Creatures
  A centaur (D:5)
  Blork the orc (D:4)
  4 killer bees (D:5)
  A howler monkey (D:5)
  2 bullfrog skeletons
  A gnoll shaman (D:5)
  An orc priest (D:2)
  A jelly (D:4)
  Ijyb (D:3)
  An iguana (D:5)
  A worker ant (D:4)
  6 adders
  4 gnolls (D:5)
  An adder skeleton (D:5)
  2 worms
  4 leopard geckos
  3 orcs
  6 bats
  4 giant cockroaches
  5 goblins
  4 hobgoblins (D:1)
  11 jackals
  2 quokkas
  4 ball pythons
  5 frilled lizards
  7 kobolds
  8 rats
91 creatures vanquished.

Notes
Turn   | Place    | Note
-------+----------+-------------------------------------------
     0 | D:1      | Kinoniko the Demonspawn Gladiator began the quest for the
                  | Orb.
     0 | D:1      | Reached XP level 1. HP: 16/16 MP: 1/1
   194 | D:1      | Reached skill level 3 in Axes
   202 | D:1      | Gained mutation: Your movements are slightly less
                  | encumbered by armour. (ER -2) [demonic ancestry]
   202 | D:1      | Reached XP level 2. HP: 11/22 MP: 2/2
  1088 | D:2      | Gained mutation: When hurt, damage is shared between your
                  | health and your magic reserves. [demonic ancestry]
  1088 | D:2      | Reached XP level 3. HP: 25/27 MP: 3/3
  1101 | D:2      | Reached skill level 4 in Axes
  1248 | D:2      | Gained mutation: You sometimes gain a little power by
                  | taking damage. [demonic ancestry]
  1248 | D:2      | Reached XP level 4. HP: 21/33 MP: 1/4
  1670 | D:3      | Reached skill level 5 in Axes
  1765 | D:3      | Found a snail-covered altar of Cheibriados.
  1791 | D:3      | Noticed Ijyb
  1835 | D:3      | Killed Ijyb
  1836 | D:3      | Reached XP level 5. HP: 29/38 MP: 2/5
  2556 | D:4      | Found Avaacvio's Antique Weapon Shoppe.
  2586 | D:4      | Found a staircase to the Ecumenical Temple.
  2589 | D:4      | Noticed Blork the orc
  2598 | D:4      | Killed Blork the orc
  2599 | D:4      | Reached skill level 6 in Axes
  2620 | Temple   | Entered the Ecumenical Temple
  2754 | Temple   | Became a worshipper of Uskayaw the Reveller
  2936 | D:4      | Reached * piety under Uskayaw
  2939 | D:4      | Gained mutation: Your movements are less encumbered by
                  | armour. (ER -4) [demonic ancestry]
  2939 | D:4      | Reached XP level 6. HP: 32/44 MP: 6/6
  2947 | D:4      | Reached ** piety under Uskayaw
  2949 | D:4      | Reached skill level 1 in Invocations
  3237 | D:4      | Found a stormy altar of Qazlal.
  3663 | D:5      | Entered Level 5 of the Dungeon
  3692 | D:5      | Reached *** piety under Uskayaw
  3901 | D:5      | Gained mutation: You have sharp toenails. [demonic
                  | ancestry]
  3901 | D:5      | Reached XP level 7. HP: 50/50 MP: 7/9
  4004 | D:5      | Reached skill level 7 in Axes
  4006 | D:5      | Reached **** piety under Uskayaw
  4118 | D:5      | Noticed Grinder
  4128 | D:5      | HP: 2/50 [killer bee (1)]
  4129 | D:5      | Slain by a killer bee

Illustrated notes

Levels and vault maps discovered:
D:1:      minmay_arrival_open_corners, layout_basic, st_stairs_11
D:2:      layout_basic
D:3:      layout_rooms, cheibriados_altar_1, uniq_ijyb
D:4:      layout_gridville, old_standard_altar, minmay_temple_entry_tees,
          serial_shops, nicolae_shop_temple_entry_statues_fountains,
          minivault_25, uniq_blork_the_orc
D:5:      layout_basic, hex_medium, uniq_grinder
Temple:   regret_index_temple_waves

Skill      XL: |  1  2  3  4  5  6  7 |
---------------+----------------------+-----
Axes           | 3 4 5 6 7 |  7.5
Invocations    | 2 4 |  4.1
Fighting       | |  2.0
Throwing       | |  1.7
Dodging        | |  2.6

Action                   |  1- 3 |  4- 6 |  7- 9 || total
-------------------------+-------+-------+-------++-------
Melee: War axe           |   104 |   187 |    22 ||   313
       Unarmed           |       |    23 |       ||    23
       Kick              |       |       |     7 ||     7
  Use: Scroll            |       |    13 |       ||    13
       Potion            |       |       |     3 ||     3
 Stab: Paralysed         |       |     1 |     7 ||     8
Armor: Chain mail        |    91 |   118 |    14 ||   223
       Leather armour    |     5 |       |       ||     5
Dodge: Dodged            |    77 |    87 |    21 ||   185
Block: Other             |       |    13 |     7 ||    20
       Reflection        |       |       |     1 ||     1

Table legend: (Time is in decaauts)
 A = Elapsed time spent in this place.
 B = Non-inter-level travel time spent in this place.
 C = Inter-level travel time spent in this place.
 D = Time resting spent in this place.
 E = Time spent auto-exploring this place.
 F = Levels seen in this place.
 G = Mean time per level.
                   A        B        C        D        E       F      G
               +--------+--------+--------+--------+--------+-----+--------+
         Total |   4207 |   4044 |    163 |    468 |   2906 |   6 |  701.2 |
       Dungeon |   4015 |   3908 |    107 |    468 |   2775 |   5 |  803.0 |
        Temple |    192 |    136 |     56 |      0 |    131 |   1 |  192.0 |
               +--------+--------+--------+--------+--------+-----+--------+

Top non-repeatable levels by time:
     D:4: 1147 daAuts
     D:1: 847 daAuts
     D:2: 824 daAuts
     D:3: 721 daAuts
     D:5: 473 daAuts
  Temple: 192 daAuts
